 Dungeon Crawl Stone Soup version 0.29-a0-39-g581ba40fa7 (webtiles) character file.

Game seed: 2602435335334912434

3666 Krildir the Covert (level 9, 0/42 HPs)
             Began as a Spriggan Enchanter on Feb 1, 2022.
             Was a Priest of Dithmenos.
             Slain by a death yak (29 damage)
             ... on level 8 of the Dungeon.
             The game lasted 00:21:49 (10037 turns).

Krildir the Covert (Spriggan Enchanter)            Turns: 10037, Time: 00:21:49

Health: 0/42       AC:  3    Str:  8    XL:     9   Next: 89%
Magic:  2/23       EV: 18    Int: 16    God:    Dithmenos [***...]
Gold:   296        SH:  0    Dex: 14    Spells: 16/27 levels left

rFire   . . .      SeeInvis +   a - +2 dagger
rCold   + . .      Faith    .   (no shield)
rNeg    . . .      Spirit   .   r - +1 robe of the Knight of Cups {rC+}
rPois   .          Reflect  .   (helmet restricted)
rElec   .          Harm     .   (no cloak)
rCorr   +          Rampage  .   (gloves unavailable)
Will    ++...                   (boots unavailable)
Stlth   +++++++...              (no amulet)
HPRegen 0.14/turn               l - ring of resist corrosion
MPRegen 0.18/turn               (no ring)

@: confusing by touch, very slightly contaminated, wreathed by umbra, very quick
A: very small, no large weapons, unfitting armour, see invisible, speed 3,
clumsy 1, strong-willed 1
a: Renounce Religion, Shadow Step


You were on level 8 of the Dungeon.
You worshipped Dithmenos.
Dithmenos was most pleased with you.
You visited 1 branch of the dungeon, and saw 8 of its levels.

You collected 296 gold pieces.

Inventory:

Hand Weapons
 a - a +2 dagger (weapon)
 t - a +0 dagger of electrocution
Missiles
 f - 6 poisoned darts
 h - 2 curare-tipped darts (quivered)
 k - 5 atropa-tipped darts
Armour
 r - the +1 robe of the Knight of Cups (worn) {rC+}
   (You found it on level 6 of the Dungeon)

   rC:        It protects you from cold.
Jewellery
 l - a ring of resist corrosion (left hand)
Wands
 b - a wand of acid (5)
 e - a wand of paralysis (9)
 m - a wand of flame (7)
 w - a wand of digging (3)
Scrolls
 i - 3 scrolls of identify
 j - a scroll of teleportation
 o - a scroll of fear
 q - a scroll of enchant armour
 u - a scroll of blinking
 v - a scroll of fog
 x - a scroll of amnesia
Potions
 c - a potion of invisibility
 d - 3 potions of flight
 g - a potion of lignification
 n - 5 potions of curing
 p - a potion of haste
 s - a potion of heal wounds


   Skills:
 + Level 2.0 Fighting
 + Level 3.3 Short Blades
 + Level 4.8 Dodging
 + Level 12.2 Stealth
 + Level 9.6 Spellcasting
 + Level 10.0 Hexes


You had 16 spell levels left.
You knew the following spells:

 Your Spells              Type           Power      Damage    Failure   Level
a - Ensorcelled Hibernat  Hex/Ice        46%        N/A       1%          2
b - Tukima's Dance        Hex            39%        N/A       1%          3
c - Dazzling Flash        Conj/Hex       46%        N/A       3%          3
d - Confusing Touch       Hex            39%        N/A       1%          3

Your spell library contained the following spells:

 Spells                   Type           Power      Damage    Failure   Level
 Apportation              Tloc           14%        N/A       10%         1
 Shock                    Conj/Air       28%        1d4       10%         1
 Corpse Rot               Necr/Air       14%        N/A       14%         2
 Poisonous Vapours        Pois/Air       14%        N/A       14%         2
 Swiftness                Air            7%         N/A       28%         3
 Silence                  Hex/Air        11%        N/A       32%         5
 Airstrike                Air            3%         N/A       67%         4
 Agony                    Necr           7%         N/A       95%         5
 Alistair's Intoxication  Tmut/Pois      4%         N/A       95%         5


Dungeon Overview and Level Annotations

Branches:
Dungeon (8/15)             Temple (0/1) D:7            Lair (0/6) D:8

Altars:
Ashenzari
Cheibriados
Dithmenos
Nemelex Xobeh
Sif Muna
Yredelemnul

Shops:
D:6 =


Innate Abilities, Weirdness & Mutations

You are very small and have problems with some larger weapons.
You are too small for most types of armour.
You have supernaturally acute eyesight. (SInv)
You cover ground extremely quickly. (Speed+++)
You are clumsy. (Dex -2)
You are strong-willed. (Will+)


Message History

Confirm with . or Enter, or press ? or * to list all spells.
Casting: Dazzling Flash (dangerous; 3% risk of failure)
Press: ? - help, Dir - look around, f - activate The yak bellows!
The death yak gores you.
Unknown command.
Casting: Dazzling Flash (dangerous; 3% risk of failure)
Confirm with . or Enter, or press ? or * to list all spells.
Casting: Dazzling Flash (dangerous; 3% risk of failure)
Press: ? - help, Dir - look around, f - activate The orc wizard is dazzled.
The death yak gores you!
Unknown command.
Casting: Dazzling Flash (dangerous; 3% risk of failure)
Confirm with . or Enter, or press ? or * to list all spells.
Casting: Dazzling Flash (dangerous; 3% risk of failure)
Press: ? - help, Dir - look around, f - activate The orc wizard is dazzled.
The yak bellows!
The death yak closely misses you.
Unknown command.
Casting: Dazzling Flash (dangerous; 3% risk of failure)
Confirm with . or Enter, or press ? or * to list all spells.
Casting: Dazzling Flash (dangerous; 3% risk of failure)
Press: ? - help, Dir - look around, f - activate The orc wizard is dazzled.
The death yak closely misses you.
Unknown command.
Unknown command.
Casting: Dazzling Flash (dangerous; 3% risk of failure)
Confirm with . or Enter, or press ? or * to list all spells.
Casting: Dazzling Flash (dangerous; 3% risk of failure)
Press: ? - help, Dir - look around, f - activate The death yak is dazzled.
The orc wizard is dazzled.
The death yak completely misses you.
Unknown command.
Unknown command.
Casting: Dazzling Flash (dangerous; 3% risk of failure)
Confirm with . or Enter, or press ? or * to list all spells.
Your hands begin to glow red.
The death yak gores you!!
Ouch! That really hurt!
You die...

#.###....
..#############..##....
.................##....
.##############..##.###
....................
#######.####..######
#........#..# ...#
#.###.##.#..### . .>.
#@# #.##.#....# .. ..#
#Y# #.##.##.#.# ... ..
#o# #.##.##.#.# ....
#.##Y# #.##....#.####
...YY #..#l#
#.#######.....
....Y.##.#Y# #.# ######
....YlY...Y#
##...YY##### .......


You could see a death yak (blind), 3 yaks, a basilisk and an orc wizard (blind).

Vanquished Creatures
  Pikel (D:6)
  Grinder (D:4)
  Sigmund (D:2)
  A yak (D:8)
  Duvessa (D:6)
  2 sky beasts
  2 orc warriors
  An ogre (D:4)
  A necrophage (D:7)
  A centaur (D:7)
  A kobold brigand (D:8)
  A bullfrog (D:7)
  A gnoll sergeant (D:7)
  3 scorpions
  A water moccasin zombie (D:5)
  Dowan (D:6)
  2 water moccasin skeletons
  2 wights
  An electric eel (D:7)
  3 howler monkeys
  A centaur zombie (D:6)
  2 hounds
  A jelly (D:4)
  5 orc priests
  2 centaur skeletons
  Natasha (thrice) (D:2)
  2 iguanas (D:4)
  2 scorpion zombies (D:5)
  9 orc wizards
  A hound skeleton (D:4)
  A howler monkey skeleton (D:5)
  9 gnolls
  5 adders
  A shadow imp (D:7)
  A white imp (D:8)
  2 worms
  A dart slug (D:1)
  27 orcs
  7 bats
  5 endoplasms
  2 giant cockroaches (D:2)
  5 goblins
  7 hobgoblins
  2 jackals (D:4)
  3 quokkas (D:2)
  5 ball pythons
  4 frilled lizards
  14 kobolds
  6 rats
163 creatures vanquished.

Vanquished Creatures (collateral kills)
  An ogre (D:7)
  A wight (D:7)
  A howler monkey (D:7)
  A gnoll (D:7)
  A white imp (D:7)
  3 orcs (D:5)
8 creatures vanquished.

Vanquished Creatures (others)
  5 dancing weapons
5 creatures vanquished.

Grand Total: 176 creatures vanquished

Notes
Turn   | Place    | Note
-------+----------+-------------------------------------------
     0 | D:1      | Krildir the Spriggan Enchanter began the quest for the Orb.
     0 | D:1      | Reached XP level 1. HP: 9/9 MP: 5/5
   490 | D:1      | Found a faded altar of an unknown god.
   623 | D:1      | Reached XP level 2. HP: 13/13 MP: 7/7
   751 | D:1      | Learned a level 2 spell: Ensorcelled Hibernation
  1385 | D:1      | Reached XP level 3. HP: 16/16 MP: 9/9
  1389 | D:1      | Learned a level 3 spell: Tukima's Dance
  1393 | D:1      | Learned a level 3 spell: Dazzling Flash
  1888 | D:2      | Found a shadowy altar of Dithmenos.
  1898 | D:2      | Became a worshipper of Dithmenos the Shadowed
  2247 | D:2      | Noticed Natasha
  2267 | D:2      | Killed Natasha
  2268 | D:2      | Reached XP level 4. HP: 15/21 MP: 7/11
  2348 | D:2      | Learned a level 3 spell: Confusing Touch
  2375 | D:2      | Noticed Natasha
  2397 | D:2      | Killed Natasha
  2398 | D:2      | Reached skill level 5 in Hexes
  2444 | D:2      | Noticed Natasha
  2456 | D:2      | Killed Natasha
  2621 | D:2      | Noticed Sigmund
  2631 | D:2      | Killed Sigmund
  2632 | D:2      | Reached skill level 5 in Spellcasting
  2632 | D:2      | Reached XP level 5. HP: 17/24 MP: 7/14
  2632 | D:2      | Reached XP level 6. HP: 20/28 MP: 7/15
  3616 | D:3      | Reached * piety under Dithmenos
  3734 | D:3      | Found a shimmering blue altar of Sif Muna.
  3858 | D:3      | Identified the +11 hunting sling "Fodabawn" {flame, rF+}
  4018 | D:4      | You fall into a shaft and drop 1 floor!
  4018 | D:5      | Entered Level 5 of the Dungeon
  4018 | D:5      | Found a basalt altar of Yredelemnul.
  4018 | D:5      | Found a broken altar of Ashenzari.
  4019 | D:5      | Found a sparkling altar of Nemelex Xobeh.
  4245 | D:5      | Noticed an orc warrior
  4257 | D:5      | Noticed a sky beast
  4271 | D:5      | Killed a sky beast
  4272 | D:5      | Reached skill level 5 in Stealth
  4293 | D:5      | Reached XP level 7. HP: 23/32 MP: 7/17
  4329 | D:4      | Reached skill level 6 in Stealth
  4481 | D:4      | Noticed Grinder
  4539 | D:4      | Killed Grinder
  4540 | D:4      | Reached skill level 7 in Stealth
  4709 | D:4      | Reached skill level 8 in Stealth
  5108 | D:4      | Reached XP level 8. HP: 31/36 MP: 17/20
  5845 | D:5      | Reached ** piety under Dithmenos
  5848 | D:5      | Reached skill level 9 in Stealth
  6414 | D:5      | Reached skill level 10 in Stealth
  6892 | D:6      | Identified the +1 robe of the Knight of Cups {rC+}
  6914 | D:6      | Noticed Dowan
  6917 | D:6      | Noticed Duvessa
  6918 | D:6      | Killed Dowan
  7401 | D:6      | Noticed Pikel
  7423 | D:6      | Killed Pikel
  7424 | D:6      | Reached skill level 11 in Stealth
  7424 | D:6      | Reached XP level 9. HP: 28/39 MP: 18/22
  7808 | D:6      | Killed Duvessa
  8138 | D:6      | Found Enkeum's One-of-a-Kind Rings.
  8486 | D:7      | Reached *** piety under Dithmenos
  8618 | D:6      | Reached skill level 1 in Fighting
  8799 | D:7      | Found a staircase to the Ecumenical Temple.
  9074 | D:7      | Reached skill level 12 in Stealth
  9375 | D:7      | Found a snail-covered altar of Cheibriados.
  9460 | D:7      | Identified the +3 ring mail "Eloink" {rElec rPois Dex-5}
  9717 | D:8      | Gained mutation: You are clumsy. (Dex -2) [potion of
                  | mutation]
  9717 | D:8      | Gained mutation: You are strong-willed. (Will+) [potion of
                  | mutation]
  9799 | D:8      | Reached skill level 10 in Hexes
 10008 | D:8      | Noticed a death yak
 10010 | D:8      | Found a staircase to the Lair.
 10037 | D:8      | Slain by a death yak

Illustrated notes

Levels and vault maps discovered:
D:1:      mrwooster_arrival_statue, layout_basic,
          ebering_ecumenical_altar_ruins, minmay_small_reverse_x
D:2:      layout_basic, basic_altar, uniq_natasha, uniq_sigmund
D:3:      layout_loops_ring, mainiacjoe_overflow_alcove_1, minmay_distorted
D:4:      layout_basic, uniq_grinder
D:5:      layout_basic, grunt_temple_overflow_open, supply_closet_lemuel
D:6:      layout_loops_cross, nicolae_shop_unique_rings, uniq_duvessa,
          uniq_pikel
D:7:      layout_rooms, slow_altar_2, minmay_temple_entry_wispy,
          lightli_minifort, uniq_crazy_yiuf_cottage
D:8:      layout_basic, nicolae_tso_swordbearing_angel, david_lair_generic

Skill      XL: |  1  2  3  4  5  6  7  8  9 |
---------------+----------------------------+-----
Spellcasting   | 3 4 5 6 7 8 9 |  9.6
Hexes          | 4 6 7 9 10 | 10.0
Stealth        | 5 8 11 12 | 12.2
Dodging        | 4 |  4.8
Short Blades   | 3 |  3.3
Fighting       | 2 |  2.0

Action                   |  1- 3 |  4- 6 |  7- 9 || total
-------------------------+-------+-------+-------++-------
Melee: Dagger            |   112 |    70 |   372 ||   554
       Punch             |       |     1 |     7 ||     8
Throw: Dart              |     6 |       |       ||     6
 Cast: Ensorcelled Hiber |     4 |    18 |    68 ||    90
       Tukima's Dance    |     2 |     5 |    22 ||    29
       Dazzling Flash    |     1 |       |     6 ||     7
       Confusing Touch   |       |     3 |    14 ||    17
Evoke: Wand              |       |       |     6 ||     6
  Use: Scroll            |     7 |     5 |     3 ||    15
       Potion            |       |       |     2 ||     2
 Stab: Sleeping          |    12 |    19 |    57 ||    88
       Invisible         |     1 |       |     1 ||     2
       Confused          |       |     4 |    13 ||    17
       Distracted        |       |       |     5 ||     5
Armor: Robe              |     7 |     2 |    33 ||    42
Dodge: Dodged            |    70 |    53 |   293 ||   416

Table legend: (Time is in decaauts)
 A = Elapsed time spent in this place.
 B = Non-inter-level travel time spent in this place.
 C = Inter-level travel time spent in this place.
 D = Time resting spent in this place.
 E = Time spent auto-exploring this place.
 F = Levels seen in this place.
 G = Mean time per level.
                   A        B        C        D        E       F      G
               +--------+--------+--------+--------+--------+-----+--------+
         Total |   8080 |   7869 |    211 |   2127 |   4182 |   8 | 1010.0 |
       Dungeon |   8080 |   7869 |    211 |   2127 |   4182 |   8 | 1010.0 |
               +--------+--------+--------+--------+--------+-----+--------+

Top non-repeatable levels by time:
     D:1: 1601 daAuts
     D:6: 1476 daAuts
     D:5: 1459 daAuts
     D:4: 883 daAuts
     D:2: 832 daAuts
     D:3: 761 daAuts
     D:7: 752 daAuts
     D:8: 313 daAuts
